 Dungeon Crawl Stone Soup version 0.20.1-1-g8b1a95d (webtiles) character file.

1523942 dstrtn the Metallomancer (level 27, 182/182 HPs)
             Began as a Gargoyle Earth Elementalist on Sept 12, 2017.
             Was the Champion of Sif Muna.
             Escaped with the Orb
             ... and 3 runes on Sept 16, 2017!
             The game lasted 12:10:38 (89888 turns).

dstrtn the Metallomancer (GrEE)                    Turns: 89888, Time: 12:10:39

Health: 182/182    AC: 50    Str: 22    XL:     27
Magic:  41/42      EV: 14    Int: 43    God:    Sif Muna [******]
Gold:   5051       SH: 36    Dex: 18    Spells: 6/57 levels left

rFire    + + .     SeeInvis .   a - staff of energy
rCold    . . .     Gourm    .   E - +6 large shield
rNeg     + . .     Faith    .   c - +4 fire dragon scales "Kidyibil" {rF++ rC- Str+3 Int+7}
rPois    ∞         Spirit   .   w - +0 helmet "Qeumemeff" {Str+4 Int+5 Dex+3}
rElec    +         Reflect  +   s - +2 cloak {+Inv}
rCorr    .         Harm     .   B - +2 pair of gloves
MR       ++++.                  F - +0 pair of boots
Stlth    +.........             k - +5 amulet of reflection
Regen    0.4/turn               M - ring of the Mage {Wiz MR++ Int+3}
MPRegen  0.3/turn               v - ring "Ticotwuo" {rC+ Dex+3}

@: flying, studying Spellcasting, divine energy, deflect missiles
A: big wings, hooves 1, icy blue scales 1, iridescent scales 1, thin skeletal
structure 1, blink, clever 1, negative energy resistance 1, electricity
resistance, wild magic 1, unbreathing, petrification resistance, rot immunity,
AC +20
0: Orb of Zot
}: 3/15 runes: decaying, silver, gossamer
a: Stop Flying, Blink, Stop Divine Energy, Channel Magic, Forget Spell, Renounce
Religion, Evoke Invisibility


You escaped.
You worshipped Sif Muna.
Sif Muna was exalted by your worship.
You were very full.

You visited 10 branches of the dungeon, and saw 50 of its levels.
You also visited: Labyrinth, Sewer, Bailey and Ice Cave.

You collected 9157 gold pieces.
You spent 4106 gold pieces at shops.

Inventory:

Hand Weapons
 q - a +9 hand crossbow of venom
Missiles
 t - 1750 bolts
 N - 8 throwing nets (quivered) {!f}
Armour
 c - the +4 fire dragon scales "Kidyibil" (worn) {rF++ rC- Str+3 Int+7}
   (You found it on level 3 of the Swamp)

   It affects your strength (+3).
   It affects your intelligence (+7).
   It greatly protects you from fire.
   It makes you vulnerable to cold.
 s - a +2 cloak of invisibility (worn)
 w - the +0 helmet "Qeumemeff" (worn) {Str+4 Int+5 Dex+3}
   (You found it on level 3 of the Lair of Beasts)

   It affects your strength (+4).
   It affects your intelligence (+5).
   It affects your dexterity (+3).
 B - a +2 pair of gloves (worn)
 E - a +6 large shield (worn)
 F - a +0 pair of boots (worn)
Magical Staves
 a - an uncursed staff of energy (weapon)
 p - an uncursed staff of cold
Jewellery
 k - a +5 amulet of reflection (around neck)
 v - the ring "Ticotwuo" (right hand) {rC+ Dex+3}
   (You found it on level 3 of the Swamp)

   [ring of protection from cold]

   It affects your dexterity (+3).
   It protects you from cold.
 I - the ring of Wucyall {+Blink Dex-2 SInv Stlth-}
   (You bought it in a shop on level 2 of the Elven Halls)

   [ring of loudness]

   It affects your dexterity (-2).
   It lets you see invisible.
   It lets you blink.
   It makes you less stealthy.
 M - the ring of the Mage (left hand) {Wiz MR++ Int+3}
   (You took it off a deep elf high priest on level 3 of the Elven Halls)

   [ring of wizardry]

   It improves your spell success rate.
   It affects your intelligence (+3).
   It affects your resistance to hostile enchantments.
 U - the ring of Jowkog {Wiz +Blink +Inv}
   (You bought it in a shop on level 2 of the Vaults)

   [ring of wizardry]

   It improves your spell success rate.
   It lets you turn invisible.
   It lets you blink.
Wands
 f - a wand of digging (17/24)
 X - a wand of acid (0/15)
 Z - a wand of scattershot (1/9)
Scrolls
 h - 17 scrolls of remove curse
 i - 6 scrolls of immolation
 o - 4 scrolls of recharging
 D - 5 scrolls of fear
 K - 6 scrolls of teleportation
 L - 2 scrolls of blinking
 R - 3 scrolls of summoning
 S - 15 scrolls of fog
 V - 4 scrolls of holy word
 Y - 6 scrolls of identify
Potions
 e - 2 potions of magic
 g - 4 potions of resistance
 m - 5 potions of agility
 u - 2 potions of haste
 x - 21 potions of curing
 y - 10 potions of cancellation
 J - 7 potions of brilliance
 O - 2 potions of ambrosia
 Q - 5 potions of invisibility
 W - 11 potions of heal wounds
Books
 T - a manual of Spellcasting
Miscellaneous
 j - a lightning rod (4/4)
 z - 6 phantom mirrors
 A - a phial of floods
 G - 4 sacks of spiders
 H - a lamp of fire
Comestibles
 d - 7 bread rations
 n - 23 meat rations


   Skills:
 + Level 21.0 Fighting
 - Level 10.0 Crossbows
 - Level 10.2 Armour
 - Level 7.2 Dodging
 - Level 5.0 Stealth
 + Level 23.9 Shields
 - Level 15.6 Spellcasting
 - Level 15.7 Conjurations
 - Level 8.5 Charms
 - Level 17.0 Summonings
 - Level 2.4 Necromancy
 - Level 3.2 Transmutations
   Level 5.1 Ice Magic
 - Level 5.0 Air Magic
 - Level 24.0 Earth Magic
 - Level 2.7 Evocations


You had 6 spell levels left.
You knew the following spells:

 Your Spells              Type           Power        Failure   Level  Hunger
a - Lehudib's Crystal Sp  Conj/Erth      ########..   2%          8    None
b - Passwall              Tmut/Erth      ########..   1%          2    None
c - Shatter               Erth           ########..   7%          9    None
d - Swiftness             Chrm/Air       #######.     1%          2    None
e - Spellforged Servitor  Conj/Summ      ########..   1%          7    None
f - Summon Lightning Spi  Summ/Air       ########     1%          4    None
h - Summon Horrible Thin  Summ           ########..   9%          8    None
l - Blink                 Tloc           N/A          2%          2    None
m - Deflect Missiles      Chrm/Air       #######...   12%         6    None
r - Regeneration          Chrm/Necr      #######...   1%          3    None


Dungeon Overview and Level Annotations

Branches:
Dungeon (15/15)            Temple (1/1) D:7            Lair (6/6) D:11
  Swamp (4/4) Lair:2       Spider (4/4) Lair:3        Slime (0/5) Lair:6
    Orc (2/2) D:11            Elf (3/3) Orc:2        Vaults (5/5) D:14
  Crypt (0/3) Vaults:2     Depths (5/5) D:15            Zot (5/5) Depths:5

Altars:
Ashenzari
Cheibriados
Dithmenos
Elyvilon
Gozag
Hepliaklqana
Kikubaaqudgha
Makhleb
Okawaru
Qazlal
Ru
Sif Muna
Trog
Uskayaw
Zin
The Shining One
Beogh
Jiyva

Shops:
D:4 *   D:10 !!%[   D:13 (   Orc:2 }[=   Elf:2 ?==}(?   Elf:3 *(   Vaults:1 :
Vaults:2 =   Vaults:3 *}   Vaults:4 :   Vaults:5 [   Depths:2 =

Portals:
Hell: Depths:1 Depths:2 Depths:3 Depths:4 Depths:5
Abyss: Depths:4
Pandemonium: Depths:2 Depths:3 Depths:4
Ziggurat: Depths:5
Trove: D:14 (give 2 scrolls of acquirement)

Annotations:
D:1 2 exclusions
D:5 exclusion: downstairs
D:6 Chisa's ghost, novice DrCj
D:7 exclusion: downstairs
D:10 exclusions: downstairs, ice statue and orange crystal statue
Lair:2 exclusion: oklob plant
Swamp:3 2 transporters dragon armor amulets


Innate Abilities, Weirdness & Mutations

You are resistant to torment.
Your stone body is resilient. (AC +20)
You are immune to poison.
Your large and strong wings let you fly indefinitely.
You resist negative energy. (rN+)
You are resistant to electric shocks. (rElec)
You can survive without breathing.
You are immune to petrification.
You are immune to rotting.
You have large cloven feet.
You are partially covered in icy blue scales. (AC +2)
You are partially covered in iridescent scales. (AC +2)
You have a somewhat thin skeletal structure. (Dex +2, Stealth)
You can translocate small distances at will.
Your mind is acute. (Int +2)
Your spells are a little harder to cast, but a little more powerful.


Message History

You reflect the stone off an invisible shield around you!
The stone barely misses the kobold.
Found a stone.
Found a stone staircase leading down.
There is a stone staircase leading down here.
Found a ring of protection.
The kobold throws a stone.
You reflect the stone off an invisible shield around you!
The stone closely misses the kobold.
A dart slug comes into view.
The dart slug moves out of view.
Casting: Passwall
Confirm with . or Enter, or press ? or * to list all spells.
Which direction?
You begin to meditate on the wall.
You continue meditating on the rock.
You block the kobold's attack.
You continue meditating on the rock.
You block the kobold's attack.
You finish merging with the rock.
There is a staircase leading out of the dungeon here.
You have escaped!

......K..# #. #### ......>..#
#.# #...##
.........####.#####......####
.........r...r..............#
####.......###.#..#.........#
..............g.w......##...#
..............K..=..... ##.##
####################... #.#
###### ########@.##... #.#
#....####....##....#..)###.#
......##......#....# #..##.#
..##..##..##..##..##.##.##.##
..##.†##..##..##..##........#
..##..##..##..##..##..#.#...###
..##..##..##..##..##..#.).....#
..##......##......##.###..#..##
.####....####....###.###.##..#


There were no monsters in sight!

Vanquished Creatures
  4 juggernauts
  4 ancient liches
  Boris (Vaults:3)
  2 Killer Klowns (Zot:5)
  A curse toe (Zot:3)
  6 golden dragons
  Nikola (Depths:1)
  2 electric golems
  7 quicksilver dragons
  9 tentacled monstrosities
  6 titans
  7 liches
  6 Orb Guardians (Zot:5)
  6 death cobs
  2 sphinxes
  Agnes (Spider:4)
  7 shadow dragons
  Donald (Elf:2)
  3 draconian monks
  12 storm dragons
  2 tengu reavers
  3 draconian knights
  Aizul (Vaults:3)
  11 frost giants
  2 iron dragons
  9 fire giants
  The ghost of flestrin the Eclecticist, a journeyman DEFE of Vehumet (Spider:1)
  5 ghost moths
  12 draconian scorchers
  17 vault wardens
  3 deep elf sorcerers
  An emperor scorpion (Spider:3)
  4 deep elf elementalists
  5 draconian shifters
  4 draconian annihilators
  7 very ugly things
  3 spriggan defenders
  2 draconian stormcallers
  6 ironheart preservers
  2 entropy weavers
  12 stone giants
  4 vampire knights
  5 deep elf demonologists
  10 yellow draconians
  2 black draconians
  10 white draconians
  2 deep elf annihilators (Elf:3)
  7 green draconians
  11 purple draconians
  7 red draconians
  2 spark wasps
  A minotaur (Lab)
  2 merfolk javelineers (Depths:1)
  3 deep elf high priests
  9 fire dragons
  12 ettins
  Snorg (D:13)
  2 deep elf death magi
  A fire dragon (shapeshifter) (Depths:1)
  19 yaktaur captains
  3 great orbs of eyes
  8 ice dragons
  33 vault guards
  3 spriggan air magi
  2 ghost crabs
  19 hydras
  5 rakshasas
  9 centaur warriors
  11 alligators
  2 hell hogs (Depths:3)
  A catoblepas (shapeshifter) (Depths:4)
  11 dancing weapons
  30 two-headed ogres
  3 death yaks (Lair:6)
  9 ogre magi
  3 tengu warriors
  2 vampire magi
  8 deep troll shamans
  6 deep troll earth magi
  6 spriggan berserkers
  2 sun demons
  9 deep elf knights
  2 soul eaters
  7 hell knights
  A shadow wraith (Vaults:4)
  A sixfirhy (Depths:4)
  6 unseen horrors
  8 skeletal warriors
  9 flayed ghosts
  3 unseen horrors (shapeshifter)
  2 glowing orange brains
  A gelid demonspawn (Depths:2)
  A spriggan druid (Swamp:3)
  4 wizards
  15 deep trolls
  An obsidian statue (Zot:1)
  A torturous demonspawn (Depths:4)
  12 ironbrand convokers
  7 swamp dragons
  A lindwurm (shapeshifter) (Vaults:5)
  A wolf spider zombie (D:14)
  A harpy (Vaults:2)
  An orange crystal statue (Zot:1)
  2 shambling mangroves
  5 deep elf archers
  5 necromancers
  3 orb spiders
  2 cyclopes (shapeshifter)
  4 oklob plants (Zot:1)
  12 orc knights
  A cyclops (Vaults:2)
  21 deep elf magi
  11 wolf spiders
  2 orc sorcerers
  6 manticores
  12 ugly things
  A moth of wrath (shapeshifter) (D:15)
  A manticore (shapeshifter) (Vaults:2)
  A shining eye (shapeshifter) (Vaults:2)
  27 moths of wrath
  A frost giant skeleton (Vaults:2)
  8 vault sentinels
  8 elephants
  Joseph (Lair:1)
  4 black mambas
  2 rust devils
  A guardian serpent (shapeshifter) (Vaults:3)
  A titan simulacrum (Depths:2)
  16 spiny frogs
  2 hellions
  4 rime drakes
  3 yaktaurs (shapeshifter)
  3 gargoyles
  An efreet (D:14)
  4 komodo dragons
  46 yaktaurs
  4 ice devils (Depths:1)
  4 demonic crawlers
  3 freezing wraiths
  A hellwing (Zot:1)
  8 jumping spiders
  A meliai (shapeshifter) (Vaults:1)
  5 polar bears (IceCv)
  A troll (shapeshifter) (Depths:4)
  A tengu conjurer (Depths:2)
  A jumping spider (shapeshifter) (D:13)
  7 tyrant leeches
  2 meliai (D:13)
  9 trolls
  5 dream sheep
  A minotaur skeleton (Lab)
  18 hornets
  9 hippogriffs
  16 slime creatures
  5 bog bodies
  A spriggan zombie (D:15)
  15 blink frogs
  7 air elementals
  A spriggan (shapeshifter) (D:15)
  A flying skull (Vaults:2)
  2 shadows
  28 redbacks
  9 spriggans
  A redback (shapeshifter) (Vaults:5)
  10 tarantellas
  4 wyverns
  29 yaks
  A wraith (Vaults:1)
  A fire elemental (Elf:1)
  5 water elementals
  2 steam dragons
  4 basilisks
  9 hungry ghosts
  21 vampire mosquitoes
  Edmund (D:6)
  4 soldier ants
  22 swamp worms
  3 water moccasins
  12 wargs
  A soldier ant (shapeshifter) (Vaults:2)
  4 acid dragons
  2 floating eyes
  5 porcupines
  7 hell hounds (Depths:3)
  A floating eye (shapeshifter) (Depths:2)
  4 swamp drakes
  A large abomination (Elf:1)
  41 orc warriors
  11 ice beasts
  3 sky beasts
  A black bear (D:12)
  2 phantoms (D:5)
  2 necrophages
  A boggart (shapeshifter) (Vaults:3)
  10 boggarts
  14 wolves
  18 ogres
  18 centaurs
  10 crocodiles
  2 big kobolds
  Blork the orc (D:4)
  4 elf zombies (Elf:1)
  3 earth elementals
  21 bullfrogs
  3 wyvern skeletons
  4 scorpions
  2 human simulacra
  28 killer bees
  3 electric eels
  4 howler monkeys
  5 wights (D:6)
  4 centaur zombies
  A bullfrog zombie (D:8)
  9 crimson imps
  2 quasits
  16 orc priests
  7 hounds
  7 jellies
  6 centaur skeletons
  6 iguanas
  11 orc wizards
  A bullfrog skeleton (D:8)
  Ijyb (D:3)
  Terence (D:5)
  12 worker ants
  A lightning spire (Zot:1)
  A killer bee zombie (D:6)
  2 hound skeletons
  A howler monkey zombie (D:8)
  2 worker ant zombies
  2 gnolls (D:9)
  16 adders
  3 river rats (Sewer)
  2 shadow imps
  A white imp (Depths:2)
  An ooze (D:2)
  An adder skeleton (D:6)
  3 worms
  2 dart slugs
  2 leopard geckos
  88 orcs
  5 giant cockroaches
  3 goblins
  10 hobgoblins
  16 jackals
  4 quokkas
  4 bats
  2 frilled lizards
  A jackal skeleton (D:7)
  12 kobolds
  8 rats
  A plant (D:8)
  A withered plant (D:15)
1610 creatures vanquished.

Vanquished Creatures (collateral kills)
  An ancient lich (Vaults:5)
  6 orbs of fire
  Mara (Spider:4)
  2 juggernauts
  3 Killer Klowns (Zot:5)
  Saint Roka (Vaults:1)
  2 curse toes (Zot:3)
  9 golden dragons
  Arachne (Spider:4)
  An electric golem (Zot:5)
  6 tentacled monstrosities
  19 Orb Guardians (Zot:5)
  A Tzitzimitl (Zot:5)
  Rupert (D:13)
  2 titans
  2 deep elf master archers (Elf:3)
  2 deep elf blademasters (Elf:3)
  3 quicksilver dragons
  4 sphinxes
  A thorn hunter (Swamp:3)
  10 shadow dragons
  3 death cobs
  9 tengu reavers
  14 storm dragons
  4 frost giants
  A nagaraja (Vaults:1)
  2 deep elf sorcerers (Vaults:1)
  7 fire giants
  A draconian knight (Zot:3)
  2 draconian scorchers
  9 vault wardens
  A ghost moth (Zot:4)
  3 draconian shifters
  3 emperor scorpions
  2 spriggan defenders
  A balrug (Depths:1)
  A caustic shrike zombie (Depths:2)
  A draconian stormcaller (Zot:3)
  16 ironheart preservers
  3 stone giants
  3 entropy weavers (Spider:1)
  17 very ugly things
  3 deep elf elementalists (Elf:3)
  7 green draconians
  11 black draconians
  7 purple draconians
  A deep elf demonologist (Elf:3)
  5 spark wasps
  9 yellow draconians
  3 white draconians
  5 deep elf annihilators (Elf:3)
  The ghost of kalagan the Thaumaturge, a journeyman GrFE of Hepliaklqana (Spider:1)
  6 red draconians
  5 ettins
  A crystal guardian (Vaults:3)
  A merfolk javelineer (Depths:2)
  4 deep elf death magi
  The ghost of Chisa the Fighter, a journeyman TrMo of Cheibriados (IceCv)
  2 fire dragons
  A blizzard demon (Depths:1)
  A merfolk impaler (Depths:1)
  4 great orbs of eyes
  2 deep elf high priests (Elf:3)
  A rakshasa (Vaults:1)
  17 vault guards
  6 yaktaur captains
  2 hydras
  3 spriggan air magi
  8 ice dragons
  A catoblepas (Lair:6)
  A ghost crab (Swamp:3)
  3 centaur warriors
  24 two-headed ogres
  An alligator (shapeshifter) (Vaults:2)
  A death knight (D:13)
  2 deep troll shamans
  4 tengu warriors
  6 ogre magi
  2 death yaks (Lair:6)
  3 deep troll earth magi
  20 dancing weapons
  A queen ant (Spider:1)
  2 vampire magi
  An alligator (Swamp:4)
  4 sun demons
  A spriggan berserker (Depths:3)
  A soul eater (Depths:2)
  16 deep elf knights
  A spark wasp zombie (D:15)
  4 skeletal warriors
  2 hell knights (Depths:3)
  A sea snake (shapeshifter) (Vaults:1)
  9 deep trolls
  2 flayed ghosts (Depths:4)
  5 swamp dragons
  10 orc knights
  5 ironbrand convokers
  43 deep elf magi
  22 deep elf archers
  2 harpies (Vaults:2)
  3 wizards
  5 phantasmal warriors
  A mana viper (shapeshifter) (Vaults:3)
  A tengu skeleton (Vaults:3)
  2 necromancers
  16 orb spiders
  25 wolf spiders
  23 ugly things
  3 orc sorcerers
  A manticore (D:15)
  A wolf spider zombie (D:15)
  An iron dragon skeleton (Depths:2)
  9 elephants
  A cyclops (D:13)
  15 moths of wrath
  A large abomination (Elf:1)
  A ball lightning (Spider:2)
  A moth of wrath (shapeshifter) (Elf:1)
  A guardian serpent (Vaults:3)
  A black mamba (Lair:3)
  13 vault sentinels
  15 spiny frogs
  A gargoyle (D:15)
  2 yaktaur zombies
  3 human zombies
  A rime drake (Lair:3)
  7 demonic crawlers
  5 komodo dragons
  An efreet (D:15)
  7 freezing wraiths
  A tengu conjurer (Depths:2)
  23 yaktaurs
  2 ice devils
  3 polar bears (IceCv)
  A troll (shapeshifter) (Vaults:2)
  A queen bee (Lair:3)
  15 jumping spiders
  5 tyrant leeches
  11 hornets
  4 trolls
  An ettin zombie (D:15)
  14 blink frogs
  A frost giant simulacrum (Vaults:1)
  A slime creature (shapeshifter) (Vaults:2)
  6 dream sheep
  13 slime creatures
  2 bog bodies
  2 hippogriffs
  A shadow (Swamp:3)
  8 air elementals
  69 redbacks
  5 spriggans
  15 water elementals
  Grum (D:8)
  2 wraiths
  2 wyverns (Lair:3)
  21 tarantellas
  18 yaks
  A hog (shapeshifter) (Depths:2)
  A yak (shapeshifter) (Depths:2)
  3 basilisks
  A chaos spawn (Depths:2)
  7 vampire mosquitoes
  A neqoxec (Zot:5)
  3 acid dragons
  2 swamp worms
  13 wargs
  4 soldier ants (Spider:1)
  A deep troll zombie (Vaults:2)
  7 water moccasins
  A human skeleton (Depths:2)
  2 swamp drakes
  2 porcupines
  A deep troll skeleton (Vaults:3)
  34 orc warriors
  4 black bears
  4 ice beasts
  A sky beast (D:15)
  20 ogres
  An ogre (shapeshifter) (Depths:4)
  A boggart (Vaults:2)
  12 wolves
  A centaur (D:11)
  2 crocodiles
  A big kobold (D:8)
  13 bullfrogs
  A gnoll sergeant (D:9)
  3 earth elementals (Spider:4)
  A glowing shapeshifter simulacrum (Vaults:3)
  14 killer bees (Lair:3)
  A howler monkey (D:11)
  An electric eel (Spider:4)
  5 crimson imps
  3 centaur zombies
  2 hounds
  3 human simulacra
  2 jellies (D:13)
  7 orc wizards
  5 orc priests
  An iron imp (Depths:2)
  23 worker ants
  A worker ant zombie (D:10)
  2 gnolls (D:9)
  2 shadow imps (Depths:2)
  8 white imps
  2 ufetubi (Depths:2)
  54 orcs
  A kobold (D:8)
  A quokka (D:12)
  3 withered plants (D:15)
1203 creatures vanquished.

Vanquished Creatures (others)
  2 stone giants
  A merfolk javelineer (Depths:5)
  3 yaktaur captains
  A hydra (D:13)
  A centaur warrior (Depths:3)
  A deep elf mage (Elf:2)
  A cyclops (Vaults:1)
  497 ball lightnings
  A moth of wrath (Zot:5)
  A centaur skeleton (D:15)
  4 yaktaurs
  3 polar bears (IceCv)
  A yak (IceCv)
  An orc warrior (Orc:2)
  An orc (Orc:2)
  A bush (Lair:5)
  27 fungi
  48 plants
595 creatures vanquished.

Grand Total: 3408 creatures vanquished

Notes
Turn   | Place    | Note
-------+----------+-------------------------------------------
     0 | D:1      | dstrtn the Gargoyle Earth Elementalist began the quest for the Orb.
     0 | D:1      | Reached XP level 1. HP: 10/10 MP: 3/3
   595 | D:1      | Reached skill level 1 in Fighting
   608 | D:1      | Reached XP level 2. HP: 7/16 MP: 3/5
   662 | D:1      | Learned a level 2 spell: Passwall
   866 | D:1      | Reached skill level 4 in Earth Magic
  1138 | D:2      | Found a glowing golden altar of the Shining One.
  1142 | D:2      | Reached XP level 3. HP: 21/21 MP: 6/6
  1147 | D:2      | Learned a level 3 spell: Stone Arrow
  1322 | D:2      | Reached skill level 1 in Conjurations
  1597 | D:2      | Found a faded altar of an unknown god.
  2094 | D:3      | Noticed Ijyb
  2117 | D:3      | Killed Ijyb
  2117 | D:3      | Reached XP level 4. HP: 23/26 MP: 3/7
  2372 | D:3      | Noticed Terence
  3234 | D:4      | Reached XP level 5. HP: 30/30 MP: 2/8
  3277 | D:4      | Learned a level 2 spell: Swiftness
  3349 | D:4      | Noticed Blork the orc
  3356 | D:4      | Killed Blork the orc
  3356 | D:4      | Reached skill level 1 in Charms
  3356 | D:4      | Reached skill level 1 in Air Magic
  3401 | D:4      | Noticed an ogre
  3510 | D:4      | Reached XP level 6. HP: 28/35 MP: 9/9
  3513 | D:4      | Learned a level 1 spell: Shock
  3884 | D:4      | Found Mafach's Assorted Antiques.
  3929 | D:4      | Reached skill level 5 in Earth Magic
  3957 | D:4      | Bought a lumpy yellow potion for 19 gold pieces
  3957 | D:4      | Bought a lumpy purple potion for 19 gold pieces
  3957 | D:4      | Bought a ruby potion for 19 gold pieces
  3957 | D:4      | Bought a pink potion for 19 gold pieces
  4072 | D:5      | Entered Level 5 of the Dungeon
  4092 | D:5      | Noticed a phantom
  4337 | D:5      | Reached XP level 7. HP: 40/40 MP: 7/10
  4499 | D:5      | Reached skill level 6 in Earth Magic
  4875 | D:5      | Learned a level 5 spell: Lee's Rapid Deconstruction
  4896 | D:5      | Killed Terence
  4896 | D:5      | Reached XP level 8. HP: 41/44 MP: 1/14
  5179 | D:5      | Found a snail-covered altar of Cheibriados.
  5179 | D:5      | Found a hazy altar of Hepliaklqana.
  5323 | D:6      | Reached skill level 7 in Earth Magic
  5470 | D:6      | Reached skill level 8 in Earth Magic
  5476 | D:6      | Noticed Edmund
  5736 | D:6      | Noticed Chisa's ghost (novice DrCj)
  5756 | D:5      | Noticed a troll
  5978 | D:6      | Found a glowing drain.
  5987 | Sewer    | Entered a sewer
  5997 | Sewer    | Reached skill level 9 in Earth Magic
  6127 | Sewer    | Reached skill level 5 in Spellcasting
  6161 | Sewer    | Found a white marble altar of Elyvilon.
  6173 | Sewer    | Became a worshipper of Elyvilon the Healer
  6305 | D:6      | Found a sacrificial altar of Ru.
  6361 | D:6      | Found a white marble altar of Elyvilon.
  6584 | D:6      | Killed Edmund
  6659 | D:6      | Reached XP level 9. HP: 44/48 MP: 11/16
  6678 | D:6      | Learned a level 4 spell: Summon Lightning Spire
  6834 | D:6      | Reached skill level 1 in Summonings
  7176 | D:7      | Reached * piety under Elyvilon
  7241 | D:7      | Found a staircase to the Ecumenical Temple.
  7268 | Temple   | Entered the Ecumenical Temple
  7394 | Temple   | Fell from the grace of Elyvilon
  7394 | Temple   | Became a worshipper of Sif Muna the Loreminder
  7639 | D:7      | Found an iron altar of Okawaru.
  8257 | D:8      | Reached skill level 5 in Summonings
  8326 | D:8      | Reached * piety under Sif Muna
  8564 | D:8      | Found a flagged portal.
  8576 | Bailey   | Entered a bailey
  8741 | Bailey   | Reached XP level 10. HP: 39/53 MP: 4/17
  9018 | Bailey   | Reached ** piety under Sif Muna
  9052 | Bailey   | Noticed an orc knight
  9324 | D:8      | Noticed Grum
  9634 | D:8      | Noticed an orc knight
  9641 | D:8      | Reached skill level 5 in Air Magic
 10174 | D:8      | Found a glowing golden altar of the Shining One.
 10532 | D:8      | Reached *** piety under Sif Muna
 10745 | D:8      | Learned a level 4 spell: Summon Ice Beast
 10867 | D:8      | Reached skill level 1 in Armour
 10867 | D:8      | Reached skill level 1 in Ice Magic
 10888 | D:8      | Killed Grum
 11262 | D:8      | Killed an orc knight
 11391 | D:8      | Reached skill level 1 in Shields
 11587 | D:8      | Noticed an orc knight
 11651 | D:8      | Killed an orc knight
 11651 | D:8      | Reached XP level 11. HP: 26/57 MP: 4/20
 12346 | D:9      | Reached **** piety under Sif Muna
 12663 | D:10     | Entered Level 10 of the Dungeon
 12931 | D:10     | Noticed an eight-headed hydra
 12942 | D:10     | Killed an eight-headed hydra
 12942 | D:10     | Reached skill level 1 in Transmutations
 13091 | D:10     | Reached skill level 5 in Ice Magic
 13392 | D:10     | Noticed an orange crystal statue
 13603 | D:10     | Found Byugesk's Food Shoppe.
 13748 | D:10     | Noticed a two-headed ogre
 13871 | D:10     | Killed a two-headed ogre
 14060 | D:10     | Found Yrcheir's Armour Emporium.
 14063 | D:10     | Bought the cursed +0 leather armour "Mucvie" {rElec Dex+3} for 289 gold pieces
 14063 | D:10     | Bought a +2 robe of magic resistance for 265 gold pieces
 14183 | D:10     | Found Plog's Distillery.
 14197 | D:10     | Found Yzycwy's Distillery.
 14509 | D:11     | Noticed a two-headed ogre
 14639 | D:11     | Noticed an eight-headed hydra
 14770 | D:11     | Killed an eight-headed hydra
 15251 | D:11     | Noticed a two-headed ogre
 15257 | D:11     | Killed a two-headed ogre
 15257 | D:11     | Reached skill level 10 in Earth Magic
 15657 | D:11     | Killed a two-headed ogre
 15657 | D:11     | Reached skill level 5 in Fighting
 15879 | D:11     | Reached XP level 12. HP: 68/68 MP: 13/21
 16049 | D:11     | Noticed a four-headed hydra
 16056 | D:11     | Killed a four-headed hydra
 16117 | D:11     | Reached ***** piety under Sif Muna
 16298 | D:10     | Bought a potion of magic for 88 gold pieces
 16328 | D:10     | Noticed a two-headed ogre
 16332 | D:10     | Killed a two-headed ogre
 16574 | D:11     | Identified Sif Muna's Collected Works on the Enthralling Glacier (Sif Muna gifted it to you on level 11 of the Dungeon)
 16574 | D:11     | Received a gift from Sif Muna
 16647 | D:11     | Found a staircase to the Orcish Mines.
 16684 | D:11     | Noticed a two-headed ogre
 16855 | D:11     | Killed a two-headed ogre
 16872 | D:11     | Found a staircase to the Lair.
 16909 | D:11     | Reached skill level 5 in Dodging
 17103 | Lair:1   | Entered Level 1 of the Lair of Beasts
 17205 | D:11     | Noticed a two-headed ogre
 17210 | D:11     | Killed a two-headed ogre
 18031 | Lair:1   | Noticed Joseph
 18036 | Lair:1   | Killed Joseph
 18849 | Lair:2   | Found a staircase to the Swamp.
 18900 | Lair:2   | Reached skill level 5 in Stealth
 19186 | Lair:2   | Found an iron altar of Okawaru.
 19211 | Lair:2   | Noticed an eight-headed hydra
 19224 | Lair:2   | Killed an eight-headed hydra
 19704 | Lair:2   | Reached skill level 11 in Earth Magic
 19980 | Lair:2   | Reached XP level 13. HP: 80/80 MP: 4/23
 20236 | D:10     | Bought a potion of agility for 52 gold pieces
 20236 | D:10     | Bought a potion of heal wounds for 65 gold pieces
 20248 | D:10     | Bought a potion of invisibility for 88 gold pieces
 20248 | D:10     | Bought a potion of brilliance for 44 gold pieces
 20697 | Lair:3   | Found a hole to the Spider Nest.
 20771 | Lair:3   | Got a transparent helmet
 20782 | Lair:3   | Identified the cursed +0 helmet "Qeumemeff" {Str+4 Int+5 Dex+3} (You found it on level 3 of the Lair of Beasts)
 20951 | Lair:3   | Learned a level 3 spell: Regeneration
 21109 | Lair:3   | Reached skill level 1 in Necromancy
 21420 | Lair:3   | Received a gift from Sif Muna
 21430 | Lair:3   | Identified Sif Muna's Almanac of Stones and Feathers (Sif Muna gifted it to you on level 3 of the Lair of Beasts)
 22402 | Lair:4   | Reached skill level 5 in Armour
 23076 | Lair:5   | Reached skill level 5 in Conjurations
 23354 | Lair:6   | Entered Level 6 of the Lair of Beasts
 23354 | Lair:6   | Found a staircase to the Slime Pits.
 23354 | Lair:6   | Found a viscous altar of Jiyva.
 23472 | Lair:6   | Reached skill level 1 in Evocations
 23474 | Lair:6   | Gained mutation: Your large and strong wings let you fly indefinitely. [Gargoyle growth]
 23474 | Lair:6   | Reached XP level 14. HP: 62/86 MP: 0/27
 23480 | Lair:6   | Identified Sif Muna's Guide on Calling (Sif Muna gifted it to you on level 6 of the Lair of Beasts)
 23480 | Lair:6   | Received a gift from Sif Muna
 23532 | Lair:6   | Learned a level 6 spell: Shadow Creatures
 23700 | Lair:6   | Found a frozen archway.
 23969 | IceCv    | Entered an ice cave
 24065 | IceCv    | Got a slimy shortbow
 24560 | IceCv    | Noticed Chisa's ghost (journeyman TrMo)
 24585 | IceCv    | Killed Chisa's ghost
 24802 | IceCv    | Noticed a frost giant
 24880 | IceCv    | Reached skill level 10 in Summonings
 25266 | IceCv    | Killed a frost giant
 25363 | Lair:6   | Identified the +3 shortbow of the Endless March {speed, Fragile rF+ Str+3 Dex+3} (You found it in an ice cave)
 25731 | Lair:6   | Learned a level 5 spell: Summon Mana Viper
 25869 | Lair:6   | Reached skill level 10 in Spellcasting
 26057 | Lair:6   | Identified Sif Muna's Handbook of Conjuration (Sif Muna gifted it to you on level 6 of the Lair of Beasts)
 26057 | Lair:6   | Received a gift from Sif Muna
 27264 | D:12     | Got a garnet-encrusted ring mail
 27293 | D:12     | Identified the +3 ring mail of the Comet {*Drain rN++ Str+2 Int+4} (You found it on level 12 of the Dungeon)
 27684 | D:13     | Found a labyrinth entrance.
 27685 | D:13     | Noticed Rupert
 27741 | Lab      | Entered a labyrinth
 27791 | Lab      | Reached skill level 12 in Earth Magic
 28030 | D:13     | Killed Rupert
 28030 | D:13     | Reached XP level 15. HP: 90/90 MP: 1/30
 28562 | D:13     | Identified Sif Muna's Guide on Supportive Confrontation (Sif Muna gifted it to you on level 13 of the Dungeon)
 28562 | D:13     | Received a gift from Sif Muna
 29254 | D:13     | Reached ****** piety under Sif Muna
 29264 | D:13     | Learned a level 6 spell: Conjure Ball Lightning
 29821 | D:13     | Found Maquam's Weapon Emporium.
 29825 | D:13     | Bought 25 stones for 40 gold pieces
 29830 | D:13     | Noticed Snorg
 29835 | D:13     | Killed Snorg
 29993 | D:13     | Got a slimy ring mail
 30004 | D:13     | Identified the +3 ring mail of Veygheicw {Int+4} (You found it on level 13 of the Dungeon)
 30114 | D:13     | Identified the Reference Book on Transmutation
 30289 | Orc:1    | Entered Level 1 of the Orcish Mines
 30803 | Orc:2    | Entered Level 2 of the Orcish Mines
 31212 | Orc:2    | Received a gift from Sif Muna
 31352 | Orc:2    | Found Kerch's Distillery.
 31501 | Orc:2    | Bought a potion of cancellation for 104 gold pieces
 31502 | Orc:2    | Found Vaeciq's Jewellery Boutique.
 31512 | Orc:2    | Bought the ring of Qoqimus {MR+ Dex+2} for 362 gold pieces
 31561 | Orc:2    | Reached skill level 10 in Conjurations
 31871 | Orc:2    | Found a roughly hewn altar of Beogh.
 31880 | Orc:2    | Found Urcheen's Antique Armour Emporium.
 31880 | Orc:2    | Found Lafuifukh's Gadget Boutique.
 31895 | Orc:2    | Bought a brightly glowing leather armour for 217 gold pieces
 31906 | Orc:2    | Identified the +1 leather armour of Demons {rPois Dex+5} (You bought it in a shop on level 2 of the Orcish Mines)
 31931 | Orc:2    | Found a roughly hewn altar of Beogh.
 31985 | Orc:2    | Found a staircase to the Elven Halls.
 32093 | Orc:2    | Bought a potion of curing for 39 gold pieces
 32093 | Orc:2    | Bought a potion of invisibility for 104 gold pieces
 32093 | Orc:2    | Bought a potion of curing for 39 gold pieces
 32093 | Orc:2    | Bought a potion of curing for 39 gold pieces
 32093 | Orc:2    | Bought a potion of curing for 39 gold pieces
 32093 | Orc:2    | Bought a potion of curing for 39 gold pieces
 32093 | Orc:2    | Bought a potion of brilliance for 52 gold pieces
 32093 | Orc:2    | Bought a potion of invisibility for 104 gold pieces
 32093 | Orc:2    | Bought a potion of heal wounds for 65 gold pieces
 32093 | Orc:2    | Bought a potion of heal wounds for 65 gold pieces
 32327 | D:14     | Found a gate to the Vaults.
 32736 | D:14     | Reached skill level 13 in Earth Magic
 32751 | D:14     | Reached XP level 16. HP: 90/96 MP: 0/32
 33687 | D:14     | Identified Sif Muna's Compendium of Lethal Necromancy (Sif Muna gifted it to you on level 14 of the Dungeon)
 33687 | D:14     | Received a gift from Sif Muna
 33816 | D:14     | Found a portal to a secret trove of treasure.
 34257 | Spider:1 | Entered Level 1 of the Spider Nest
 34299 | Spider:1 | Noticed kalagan's ghost (journeyman GrFE)
 34326 | Spider:1 | Killed kalagan's ghost
 34329 | Spider:1 | Noticed flestrin's ghost (journeyman DEFE)
 34455 | Swamp:1  | Entered Level 1 of the Swamp
 34522 | Swamp:1  | Reached skill level 14 in Earth Magic
 35229 | Swamp:1  | Reached skill level 10 in Fighting
 35229 | Swamp:1  | Reached XP level 17. HP: 104/104 MP: 23/33
 35957 | Swamp:2  | Identified Sif Muna's Catalogue of Confrontation and Calling (Sif Muna gifted it to you on level 2 of the Swamp)
 35957 | Swamp:2  | Received a gift from Sif Muna
 35971 | Swamp:2  | Learned a level 6 spell: Iron Shot
 36100 | Swamp:2  | Got an ancient spear
 36118 | Swamp:2  | Got an iridescent rapier
 36770 | Swamp:3  | Found a transporter.
 36935 | Swamp:3  | Found a transporter.
 37388 | Swamp:4  | Entered Level 4 of the Swamp
 37472 | Swamp:3  | Reached skill level 15 in Earth Magic
 38166 | Swamp:4  | Reached XP level 18. HP: 94/108 MP: 24/35
 38307 | Swamp:4  | Identified Sif Muna's Reference Book on the Escort (Sif Muna gifted it to you on level 4 of the Swamp)
 38307 | Swamp:4  | Received a gift from Sif Muna
 38705 | Swamp:4  | Got a decaying rune of Zot
 38945 | Lair:1   | Learned a level 7 spell: Spellforged Servitor
 38956 | Lair:1   | Learned a level 8 spell: Lehudib's Crystal Spear
 39058 | D:15     | Entered Level 15 of the Dungeon
 39349 | D:15     | Found a staircase to the Depths.
 39504 | D:15     | Identified the +5 rapier "Wificae" {vamp, +Fly} (You found it on level 2 of the Swamp)
 39913 | D:15     | Found a shadowy altar of Dithmenos.
 40423 | Spider:1 | Killed flestrin's ghost
 40619 | Spider:1 | Received a gift from Sif Muna
 40624 | Spider:1 | Identified Cianuov's Almanac of Dislocated Aid (Sif Muna gifted it to you on level 1 of the Spider Nest)
 40631 | Spider:1 | Reached skill level 15 in Conjurations
 42102 | Lair:1   | Learned a level 7 spell: Monstrous Menagerie
 42761 | Spider:3 | Identified Sif Muna's Tome of Icy Dark Rites (Sif Muna gifted it to you on level 3 of the Spider Nest)
 42761 | Spider:3 | Received a gift from Sif Muna
 43187 | Spider:4 | Entered Level 4 of the Spider Nest
 43475 | Spider:4 | Got a twisted falchion
 43578 | Spider:4 | Identified the cursed +0 spear of the Spider {speed, +Inv Int+2} (You found it on level 2 of the Swamp)
 43581 | Spider:4 | Identified the cursed +3 falchion "Eninneps" {elec, rPois} (You found it on level 4 of the Spider Nest)
 43599 | Spider:4 | Noticed Mara
 43608 | Spider:4 | Killed Mara
 43654 | Spider:4 | Noticed Agnes
 43660 | Spider:4 | Killed Agnes
 43882 | Spider:4 | Noticed Arachne
 43891 | Spider:4 | Killed Arachne
 43891 | Spider:4 | Reached XP level 19. HP: 113/113 MP: 1/37
 44607 | Spider:4 | Reached skill level 16 in Earth Magic
 45508 | Spider:4 | Identified Sif Muna's Guide on Creative Good Luck (Sif Muna gifted it to you on level 4 of the Spider Nest)
 45508 | Spider:4 | Received a gift from Sif Muna
 45803 | Spider:4 | Got a gossamer rune of Zot
 45995 | Lair:1   | Learned a level 9 spell: Shatter
 46105 | Vaults:1 | Entered Level 1 of the Vaults
 46161 | Vaults:1 | Reached skill level 17 in Earth Magic
 46399 | Vaults:1 | Found Zarag's Book Emporium.
 47293 | Vaults:1 | Reached skill level 18 in Earth Magic
 47360 | Vaults:1 | Noticed Saint Roka
 47363 | Vaults:1 | Identified Sif Muna's Volume of the Voyage and the Entourage (Sif Muna gifted it to you on level 1 of the Vaults)
 47363 | Vaults:1 | Received a gift from Sif Muna
 47696 | Vaults:1 | Reached skill level 19 in Earth Magic
 47706 | Vaults:1 | Killed Saint Roka
 47722 | Vaults:1 | Noticed a tentacled monstrosity
 47762 | Vaults:1 | Killed a tentacled monstrosity
 48061 | Vaults:1 | Reached XP level 20. HP: 80/119 MP: 0/38
 48065 | Vaults:1 | Identified Sif Muna's Papyrus of Fiery Clay (Sif Muna gifted it to you on level 1 of the Vaults)
 48065 | Vaults:1 | Received a gift from Sif Muna
 48318 | Vaults:1 | Identified the amulet "Mijam" {Harm *Drain Str+4} (You took it off a deep elf archer on level 1 of the Vaults)
 48530 | Lair:1   | Reached skill level 20 in Earth Magic
 48978 | Swamp:3  | Got a heavily runed graven amulet
 48985 | Swamp:3  | Identified the +4 fire dragon scales "Kidyibil" {rF++ rC- Str+3 Int+7} (You found it on level 3 of the Swamp)
 48994 | Swamp:3  | Identified the amulet of Binkele {+Rage Str+4} (You found it on level 3 of the Swamp)
 48996 | Swamp:3  | Identified the ring "Ticotwuo" {rC+ Dex+3} (You found it on level 3 of the Swamp)
 49005 | Swamp:3  | Got a steaming scimitar
 49336 | Elf:1    | Entered Level 1 of the Elven Halls
 49445 | Elf:1    | Reached skill level 1 in Crossbows
 49483 | Elf:1    | Identified Boecigh's Disquisition on Unholy Rituals
 49741 | Elf:1    | Identified the +4 scimitar of Putrescence {venom, rF+ MR+ Dex+3} (You found it on level 3 of the Swamp)
 50290 | Elf:2    | Found Kyorac's Jewellery Shoppe.
 50291 | Elf:2    | Found Geniofai's Gadget Shop.
 50292 | Elf:2    | Found Betesonk's Jewellery Shoppe.
 50302 | Elf:2    | Bought the ring of Wucyall {+Blink Dex-2 SInv Stlth-} for 258 gold pieces
 50351 | Elf:2    | Found Kakhuseo's Magic Scroll Shoppe.
 50360 | Elf:2    | Bought a scroll of magic mapping for 45 gold pieces
 50360 | Elf:2    | Bought a scroll of identify for 26 gold pieces
 50360 | Elf:2    | Bought a scroll of identify for 26 gold pieces
 50360 | Elf:2    | Bought a scroll of identify for 26 gold pieces
 50360 | Elf:2    | Bought a scroll of enchant weapon for 97 gold pieces
 50360 | Elf:2    | Bought a scroll of enchant weapon for 97 gold pieces
 50360 | Elf:2    | Bought a scroll of enchant armour for 97 gold pieces
 50474 | Elf:2    | Reached skill level 5 in Crossbows
 50516 | Elf:2    | Found Tiahaont's Antique Weapon Boutique.
 50655 | Elf:2    | Found Zarot's Magic Scroll Shop.
 50664 | Elf:2    | Bought a scroll of enchant weapon for 135 gold pieces
 50664 | Elf:2    | Bought a scroll of fear for 63 gold pieces
 50664 | Elf:2    | Bought a scroll of identify for 36 gold pieces
 50664 | Elf:2    | Bought a scroll of teleportation for 54 gold pieces
 50714 | Elf:2    | Found a runed gate.
 50714 | Elf:2    | Found a runed gate.
 50717 | Elf:2    | Found a runed gate.
 51214 | Elf:2    | Noticed Donald
 51221 | Elf:2    | Killed Donald
 51801 | Elf:3    | Entered Level 3 of the Elven Halls
 51984 | Elf:3    | Found Mushe's Weapon Shop.
 51986 | Elf:3    | Found Uryb Hen's General Store.
 52000 | Elf:3    | Bought a scroll of amnesia for 49 gold pieces
 52000 | Elf:3    | Bought a potion of curing for 42 gold pieces
 52840 | Elf:3    | Got a coiled crystal amulet
 52867 | Elf:3    | Noticed a Brimstone Fiend
 52884 | Elf:2    | Identified the amulet "Jeymoobi" {Faith Str-3 Int+6} (You took it off a deep elf elementalist on level 3 of the Elven Halls)
 53031 | Elf:3    | Identified Sif Muna's Catalogue of Congealing Conjuration (Sif Muna gifted it to you on level 3 of the Elven Halls)
 53031 | Elf:3    | Received a gift from Sif Muna
 53184 | Elf:3    | Reached skill level 10 in Crossbows
 53547 | Elf:3    | Identified the cursed -4 helmet of the Ditch-Digger {Stlth+} (You found it on level 3 of the Elven Halls)
 53582 | Elf:3    | Identified the +4 scale mail "Ystuiserirgh" {rC+} (You found it on level 3 of the Elven Halls)
 53631 | Elf:3    | Identified the amulet of the Bouncing Lovers {RegenMP Dex+3 Stlth-} (You took it off a deep elf archer on level 3 of the Elven Halls)
 54084 | Depths:1 | Entered Level 1 of the Depths
 54394 | Vaults:1 | Reached skill level 21 in Earth Magic
 54394 | Vaults:1 | Reached XP level 21. HP: 124/124 MP: 8/39
 55009 | Vaults:2 | Learned a level 2 spell: Blink
 55079 | Vaults:2 | Found Toesoxt's Jewellery Shop.
 55121 | Vaults:2 | Bought the ring of Jowkog {Wiz +Blink +Inv} for 663 gold pieces
 55419 | Vaults:2 | Reached skill level 22 in Earth Magic
 55466 | Vaults:2 | Identified Liracosu's Disquisition on the Ashen Traveller (Sif Muna gifted it to you on level 2 of the Vaults)
 55466 | Vaults:2 | Received a gift from Sif Muna
 55507 | Vaults:2 | Found a staircase to the Crypt.
 56555 | Vaults:2 | Reached skill level 23 in Earth Magic
 56581 | Vaults:2 | Gained mutation: Your flesh is cold resistant. (rC+) [a shining eye]
 56584 | Vaults:2 | Gained mutation: You tend to lose your temper in combat. [a shining eye]
 56644 | Vaults:2 | Lost mutation: Your flesh is cold resistant. (rC+) [potion of mutation]
 56644 | Vaults:2 | Lost mutation: You tend to lose your temper in combat. [potion of mutation]
 56644 | Vaults:2 | Gained mutation: Armour fits poorly on your strangely shaped body. [potion of mutation]
 56644 | Vaults:2 | Gained mutation: Your muscles are strong. (Str +2) [potion of mutation]
 56645 | Vaults:2 | Lost mutation: Your muscles are strong. (Str +2) [potion of mutation]
 56645 | Vaults:2 | Lost mutation: Armour fits poorly on your strangely shaped body. [potion of mutation]
 56645 | Vaults:2 | Gained mutation: You possess an exceptional clarity of mind. [potion of mutation]
 56645 | Vaults:2 | Gained mutation: You have a somewhat thin skeletal structure. (Dex +2, Stealth) [potion of mutation]
 56645 | Vaults:2 | Gained mutation: Your flesh is heat resistant. (rF+) [potion of mutation]
 56645 | Vaults:2 | Gained mutation: You passively map a small area around you. [potion of mutation]
 57281 | Vaults:2 | Identified the ring of Tyrphiev {Wiz Str+5} (You found it on level 2 of the Vaults)
 57573 | Vaults:3 | Received a gift from Sif Muna
 57609 | Vaults:3 | Reached skill level 24 in Earth Magic
 58569 | Vaults:3 | Noticed a golden dragon
 58793 | Vaults:3 | Killed a golden dragon
 58988 | Vaults:3 | Reached XP level 22. HP: 132/132 MP: 0/40
 59102 | Vaults:3 | Noticed Aizul
 59109 | Vaults:3 | Killed Aizul
 59172 | Vaults:3 | Found Texeawun's Gadget Boutique.
 59344 | Vaults:3 | Reached skill level 10 in Armour
 59601 | Vaults:3 | Found Rungiutwo's General Store.
 59638 | Vaults:3 | Bought a scroll of magic mapping for 63 gold pieces
 59638 | Vaults:3 | Bought a potion of curing for 54 gold pieces
 59762 | Vaults:3 | Noticed Boris
 59783 | Vaults:3 | Killed Boris
 60514 | Vaults:4 | Found Cumyob's Book Boutique.
 60661 | Vaults:4 | Reached skill level 5 in Shields
 62612 | Vaults:5 | Entered Level 5 of the Vaults
 62621 | Vaults:5 | Noticed a golden dragon
 62622 | Vaults:5 | Reached skill level 15 in Fighting
 62622 | Vaults:5 | Identified Sif Muna's Volume of Attacks and Evil Secrets (Sif Muna gifted it to you on level 5 of the Vaults)
 62622 | Vaults:5 | Received a gift from Sif Muna
 62629 | Vaults:5 | Noticed a golden dragon
 62928 | Depths:1 | Reached XP level 23. HP: 145/145 MP: 23/41
 63025 | Depths:1 | Found a gateway to Hell.
 63204 | Depths:1 | Noticed Nikola
 63210 | Depths:1 | Killed Nikola
 63453 | Depths:1 | Reached skill level 10 in Shields
 65116 | Depths:2 | Found a one-way gate leading to the halls of Pandemonium.
 65390 | Depths:2 | Noticed a juggernaut
 65398 | Depths:2 | Killed a juggernaut
 65699 | Depths:2 | Found Gakhlo's Jewellery Shoppe.
 67157 | Depths:3 | Received a gift from Sif Muna
 67221 | Depths:3 | Learned a level 5 spell: Irradiate
 67569 | Depths:3 | Noticed a golden dragon
 67588 | Depths:3 | Killed a golden dragon
 68012 | Depths:3 | Found a huge runed gate.
 68012 | Depths:3 | Found a huge runed gate.
 68015 | Depths:3 | Found a huge runed gate.
 68015 | Depths:3 | Found a huge runed gate.
 68015 | Depths:3 | Found a huge runed gate.
 68015 | Depths:3 | Found a huge runed gate.
 68015 | Depths:3 | Found a huge runed gate.
 68015 | Depths:3 | Found a huge runed gate.
 68020 | Depths:3 | Found a huge runed gate.
 68022 | Depths:3 | Found a huge runed gate.
 68022 | Depths:3 | Found a huge runed gate.
 68024 | Depths:3 | Found a huge runed gate.
 68024 | Depths:3 | Found a huge runed gate.
 68026 | Depths:3 | Found a huge runed gate.
 68084 | Depths:3 | Found a huge runed gate.
 68084 | Depths:3 | Found a huge runed gate.
 68084 | Depths:3 | Found a huge runed gate.
 68084 | Depths:3 | Found a huge runed gate.
 68084 | Depths:3 | Found a huge runed gate.
 68084 | Depths:3 | Found a huge runed gate.
 68085 | Depths:3 | Found a huge runed gate.
 68086 | Depths:3 | Found a huge runed gate.
 68087 | Depths:3 | Found a huge runed gate.
 68097 | Depths:3 | Reached skill level 15 in Shields
 68098 | Depths:3 | Found a huge runed gate.
 68098 | Depths:3 | Found a huge runed gate.
 68098 | Depths:3 | Found a huge runed gate.
 68098 | Depths:3 | Found a huge runed gate.
 68098 | Depths:3 | Found a huge runed gate.
 68098 | Depths:3 | Found a huge runed gate.
 68098 | Depths:3 | Found a huge runed gate.
 68099 | Depths:3 | Found a huge runed gate.
 68188 | Depths:3 | Noticed a juggernaut
 68189 | Depths:3 | Noticed a juggernaut
 68189 | Depths:3 | Noticed a juggernaut
 68190 | Depths:3 | Reached XP level 24. HP: 147/152 MP: 32/41
 68192 | Depths:3 | Killed a juggernaut
 68193 | Depths:3 | Killed a juggernaut
 68193 | Depths:3 | Killed a juggernaut
 68388 | Depths:3 | Paralysed by a floating eye for 4 turns
 68720 | Depths:4 | Found a one-way gate to the infinite horrors of the Abyss.
 69109 | Depths:4 | Found a shattered altar of Ashenzari.
 69747 | Depths:4 | Identified Ciskaa's Guide on Cloudy Confrontation (Sif Muna gifted it to you on level 4 of the Depths)
 69747 | Depths:4 | Received a gift from Sif Muna
 71517 | Depths:5 | Entered Level 5 of the Depths
 71533 | Depths:5 | Noticed a juggernaut
 71538 | Depths:5 | Killed a juggernaut
 71544 | Depths:5 | Reached XP level 25. HP: 160/160 MP: 19/41
 71546 | Depths:5 | Noticed a juggernaut
 71551 | Depths:5 | Killed a juggernaut
 71552 | Depths:5 | Identified Sif Muna's Guide on Attacks (Sif Muna gifted it to you on level 5 of the Depths)
 71552 | Depths:5 | Received a gift from Sif Muna
 71692 | Depths:5 | Reached skill level 15 in Summonings
 72470 | Depths:5 | Found a gateway to a ziggurat.
 72584 | Depths:5 | Found a gate to the Realm of Zot.
 72893 | Lair:1   | Learned a level 8 spell: Summon Horrible Things
 73685 | Vaults:5 | Identified Iskenderun's Incunabulum of Invincibility (Sif Muna gifted it to you on level 5 of the Vaults)
 73685 | Vaults:5 | Received a gift from Sif Muna
 74181 | Vaults:5 | Noticed an ancient lich
 74316 | Vaults:5 | Killed an ancient lich
 74476 | Vaults:5 | Reached XP level 26. HP: 168/168 MP: 23/41
 75082 | Vaults:5 | Got a transparent amber ring
 75297 | Vaults:5 | Noticed an ancient lich
 75308 | Vaults:5 | Killed an ancient lich
 75476 | Vaults:5 | Identified the ring "Unlio" {Ice Int+2} (You took it off a fire giant on level 5 of the Vaults)
 75691 | Vaults:5 | Identified Xuoc's Catalogue of Feathers and Earth
 75730 | Vaults:5 | Got a silver rune of Zot
 76010 | Vaults:5 | Learned a level 6 spell: Deflect Missiles
 76255 | Vaults:5 | Found Eratig's Armour Boutique.
 76282 | Vaults:5 | Identified the ring "Riepp" {rN+ Stlth+} (You found it on level 5 of the Vaults)
 76785 | Zot:1    | Entered Level 1 of the Realm of Zot
 76856 | Zot:1    | Received a gift from Sif Muna
 76860 | Zot:1    | Identified Sif Muna's Reference Book on Ashen Poisoning (Sif Muna gifted it to you on level 1 of the Realm of Zot)
 77304 | Zot:1    | Reached skill level 5 in Charms
 78390 | Zot:2    | Reached skill level 15 in Spellcasting
 78974 | Zot:2    | Noticed an orb of fire
 78977 | Zot:2    | Lost mutation: Your flesh is heat resistant. (rF+) [an orb of fire]
 78986 | Zot:2    | Killed an orb of fire
 79033 | Zot:1    | Identified Sif Muna's Disquisition on the Rocks (Sif Muna gifted it to you on level 1 of the Realm of Zot)
 79033 | Zot:1    | Received a gift from Sif Muna
 80179 | Zot:3    | Reached XP level 27. HP: 175/175 MP: 17/42
 82800 | Zot:3    | Noticed an orb of fire
 82805 | Zot:3    | Gained mutation: You are frail. (-10% HP) [an orb of fire]
 82809 | Zot:3    | Killed an orb of fire
 86141 | Zot:5    | Entered Level 5 of the Realm of Zot
 86540 | Zot:5    | Noticed an ancient lich
 86541 | Zot:5    | Killed an ancient lich
 86542 | Zot:5    | Noticed an ancient lich
 86709 | Zot:5    | Killed an ancient lich
 87574 | Zot:5    | Received a gift from Sif Muna
 87579 | Zot:5    | Noticed an ancient lich
 87584 | Zot:5    | Killed an ancient lich
 87847 | Zot:5    | Noticed an orb of fire
 87847 | Zot:5    | Gained mutation: You occasionally shout uncontrollably at your foes. [an orb of fire]
 87848 | Zot:5    | Noticed an orb of fire
 87854 | Zot:5    | Gained mutation: Armour fits poorly on your strangely shaped body. [an orb of fire]
 87856 | Zot:5    | Gained mutation: You are dopey. (Int -2) [an orb of fire]
 88058 | Zot:5    | Gained mutation: Your spells are a little easier to cast, but a little less powerful. [an orb of fire]
 88064 | Zot:5    | Killed an orb of fire
 88101 | Zot:5    | Killed an orb of fire
 88384 | Zot:5    | Noticed an orb of fire
 88391 | Zot:5    | Killed an orb of fire
 89019 | Zot:5    | Noticed an orb of fire
 89040 | Zot:5    | Killed an orb of fire
 89081 | Zot:4    | Lost mutation: Armour fits poorly on your strangely shaped body. [potion of mutation]
 89081 | Zot:4    | Lost mutation: You passively map a small area around you. [potion of mutation]
 89081 | Zot:4    | Lost mutation: You are frail. (-10% HP) [potion of mutation]
 89081 | Zot:4    | Gained mutation: You are occasionally teleported next to monsters. [potion of mutation]
 89081 | Zot:4    | Gained mutation: You are partially covered in icy blue scales. (AC +2) [potion of mutation]
 89082 | Zot:4    | Lost mutation: You possess an exceptional clarity of mind. [potion of mutation]
 89082 | Zot:4    | Lost mutation: Your spells are a little easier to cast, but a little less powerful. [potion of mutation]
 89082 | Zot:4    | Lost mutation: You are dopey. (Int -2) [potion of mutation]
 89082 | Zot:4    | Lost mutation: You occasionally shout uncontrollably at your foes. [potion of mutation]
 89082 | Zot:4    | Gained mutation: Your magical capacity is low. (-10% MP) [potion of mutation]
 89082 | Zot:4    | Gained mutation: You have large cloven feet. [potion of mutation]
 89082 | Zot:4    | Gained mutation: Your mind is acute. (Int +2) [potion of mutation]
 89082 | Zot:4    | Gained mutation: Your spells are a little harder to cast, but a little more powerful. [potion of mutation]
 89200 | Zot:5    | Lost mutation: You are occasionally teleported next to monsters. [potion of mutation]
 89200 | Zot:5    | Lost mutation: Your magical capacity is low. (-10% MP) [potion of mutation]
 89200 | Zot:5    | Gained mutation: You are partially covered in iridescent scales. (AC +2) [potion of mutation]
 89200 | Zot:5    | Gained mutation: You can translocate small distances at will. [potion of mutation]
 89252 | Zot:5    | Got the Orb of Zot
 89681 | D:11     | Noticed Esofeb the pandemonium lord
 89888 | D:$      | Escaped with the Orb!

Skill      XL: |  1  2  3  4  5  6  7  8  9 10 11 12 13 14 15 16 17 18 19 20 21 22 23 24 25 26 27 |
---------------+----------------------------------------------------------------------------------+-----
Fighting       | 1 2 5 8 9 10 11 15 16 18 21 | 21.0
Earth Magic    | 4 5 6 9 10 11 12 13 14 15 19 21 24 | 24.0
Conjurations   | 2 3 4 6 11 12 13 15 | 15.7
Charms         | 2 3 8 |  8.5
Air Magic      | 1 2 4 5 |  5.0
Spellcasting   | 4 5 6 9 11 12 13 14 15 | 15.6
Summonings     | 6 7 8 10 11 14 16 17 | 17.0
Armour         | 3 5 9 10 | 10.2
Ice Magic      | 3 5 |  5.1
Shields        | 1 4 8 15 17 18 23 | 23.9
Transmutations | 3 |  3.2
Dodging        | 4 6 7 |  7.2
Stealth        | 5 |  5.0
Necromancy     | 2 |  2.4
Evocations     | 1 2 |  2.7
Crossbows      | 10 | 10.0

Action                   |  1- 3 |  4- 6 |  7- 9 | 10-12 | 13-15 | 16-18 | 19-21 | 22-24 | 25-27 || total
-------------------------+-------+-------+-------+-------+-------+-------+-------+-------+-------++-------
Melee: Club              |    54 |    53 |       |       |       |       |       |       |       ||   107
       Flail             |       |    57 |    80 |   263 |   159 |       |       |       |       ||   559
       Trident           |       |       |   104 |       |       |       |       |       |       ||   104
       Staff             |       |       |       |       |    17 |    22 |     3 |     3 |     2 ||    47
       Spear             |       |       |       |       |       |     1 |     8 |       |       ||     9
       Hand crossbow     |       |       |       |       |       |       |     1 |       |       ||     1
 Fire: Hand crossbow     |       |       |       |       |       |       |   231 |   113 |    61 ||   405
Throw: Stone             |     6 |       |       |       |       |       |       |       |       ||     6
       Tomahawk          |       |     1 |       |     7 |    10 |     1 |       |       |       ||    19
       Throwing net      |       |       |       |       |       |       |     1 |       |       ||     1
 Cast: Sandblast         |    64 |    36 |    66 |   101 |   282 |   104 |       |       |       ||   653
       Shock             |       |    31 |    75 |    50 |    29 |       |       |       |       ||   185
       Stone Arrow       |       |       |    20 |    90 |   132 |    33 |       |       |       ||   275
       Passwall          |       |       |     7 |    12 |    10 |     3 |     4 |     2 |    11 ||    49
       Lee's Rapid Decon |       |       |     9 |    73 |   105 |    24 |       |       |       ||   211
       Swiftness         |       |       |     2 |     3 |       |       |       |       |     2 ||     7
       Summon Lightning  |       |       |     4 |    74 |    90 |    62 |    60 |    10 |    20 ||   320
       Summon Ice Beast  |       |       |       |    39 |    28 |       |       |       |       ||    67
       Regeneration      |       |       |       |       |    22 |    21 |    20 |     9 |    20 ||    92
       Summon Mana Viper |       |       |       |       |    25 |     3 |       |       |       ||    28
       Shadow Creatures  |       |       |       |       |    11 |     6 |    11 |       |       ||    28
       Conjure Ball Ligh |       |       |       |       |    23 |   105 |       |       |       ||   128
       Iron Shot         |       |       |       |       |       |    33 |       |       |       ||    33
       Spellforged Servi |       |       |       |       |       |    45 |   111 |    62 |   104 ||   322
       Lehudib's Crystal |       |       |       |       |       |    28 |   173 |   195 |   236 ||   632
       Monstrous Menager |       |       |       |       |       |     1 |     4 |       |       ||     5
       Shatter           |       |       |       |       |       |       |    27 |    68 |   107 ||   202
       Blink             |       |       |       |       |       |       |     6 |       |     2 ||     8
       Irradiate         |       |       |       |       |       |       |       |     2 |     2 ||     4
       Deflect Missiles  |       |       |       |       |       |       |       |       |    14 ||    14
Invok: Divine Energy     |       |       |       |     1 |       |       |       |       |       ||     1
       Forget Spell      |       |       |       |       |       |     6 |       |     1 |     1 ||     8
 Abil: Fly               |       |       |       |       |     1 |       |       |       |     2 ||     3
       Stop Flying       |       |       |       |       |       |       |       |       |     2 ||     2
Evoke: Wand              |       |       |       |       |     3 |       |    10 |     7 |    32 ||    52
       Phantom mirror    |       |       |       |       |     1 |       |       |       |       ||     1
       Lamp of fire      |       |       |       |       |       |     1 |     3 |     1 |       ||     5
       Phial of floods   |       |       |       |       |       |       |       |     2 |       ||     2
       Staff of energy   |       |       |       |       |       |       |       |       |     1 ||     1
  Use: Scroll            |     1 |     4 |     9 |     8 |    14 |    17 |    32 |     3 |    19 ||   107
       Potion            |     1 |       |     2 |     5 |     1 |     4 |    18 |     5 |    10 ||    46
 Stab: Sleeping          |     1 |     3 |       |       |       |       |       |       |       ||     4
       Distracted        |     1 |       |       |     5 |     3 |     1 |       |       |       ||    10
  Eat: Chunk             |     5 |     8 |    18 |    65 |    51 |    66 |    93 |    31 |    38 ||   375
       Fruit             |       |       |     2 |     3 |    11 |    17 |     7 |       |       ||    40
       Royal jelly       |       |       |       |     3 |     3 |     4 |     2 |     1 |       ||    13
       Meat ration       |       |       |       |     1 |       |       |       |       |     1 ||     2
       Bread ration      |       |       |       |       |     1 |     2 |     7 |     2 |     8 ||    20
Armor: Robe              |    28 |       |       |    93 |   163 |       |       |       |       ||   284
       Leather armour    |       |    76 |   119 |   113 |       |       |       |       |       ||   308
       Ring mail         |       |       |       |       |     8 |       |       |       |       ||     8
       Troll leather arm |       |       |       |       |    25 |   186 |    96 |       |       ||   307
       Fire dragon scale |       |       |       |       |       |       |   186 |   128 |   121 ||   435
Dodge: Dodged            |    73 |    85 |   195 |   322 |   375 |   197 |   198 |   104 |   108 ||  1657
       Deflected         |       |       |       |       |       |       |       |       |    55 ||    55
Block: Buckler           |       |       |       |    49 |   291 |   154 |   234 |    70 |       ||   798
       Reflection        |       |       |       |       |    25 |     6 |    50 |    39 |    50 ||   170
       Shield            |       |       |       |       |       |       |       |   101 |   124 ||   225
       Large shield      |       |       |       |       |       |       |       |       |   186 ||   186
